Map: Solaris LE

Players

Creator

  • Race: Protoss Protoss
  • Spawn Location: 1:00

GuMiho - Winner!

  • Race: Terran Terran
  • Spawn Location: 7:00

Event: IEM Katowice 2024

VOD

Have the link to the VOD?

Description

Time

  • Played on: Dec. 6, 2023, 5:20 a.m.
  • Length: 8:32

All games in this series

Show
View Real Time Build Order
Export as new Build Order

Creator Protoss 

Build Orders: 1 Gate Expand, Blink Stalkers 

Get SALT Encoding   

  12  0:00  Probe  
  13  0:12  Probe  
  14  0:17  Pylon  
  14  0:24  Probe (Chrono Boost)  
  15  0:36  Probe (Chrono Boost)  
  15  0:37  Gateway  
  16  0:44  Probe (Chrono Boost)  
  16  0:46  Assimilator  
  17  0:51  Probe  
  18  1:03  Probe  
  19  1:15  Probe  
  20  1:25  Cybernetics Core  
  20  1:32  Nexus  
  20  1:38  Pylon  
  20  1:41  Probe  
  21  1:47  Assimilator  
  21  1:53  Probe  
  22  1:58  Adept (Chrono Boost)  
  22  2:01  Warp Gate  
  22  2:05  Probe  
  24  2:17  Probe  
  24  2:18  Adept (Chrono Boost)  
  27  2:29  Probe  
  28  2:30  Twilight Council  
  28  2:41  Stalker  
  31  2:44  Probe (Chrono Boost)  
  31  2:46  Probe (Chrono Boost)  
  32  2:54  Probe (Chrono Boost)  
  32  2:56  Probe (Chrono Boost)  
  34  2:59  Probe (Chrono Boost)  
  35  3:06  Blink, Probe  
  35  3:11  Probe (Chrono Boost)  
  37  3:15  Gateway  
  38  3:23  Probe x2 (Chrono Boost)  
  39  3:27  Gateway  
  39  3:30  Probe (Chrono Boost)  
  39  3:32  Probe (Chrono Boost)  
  41  3:34  Robotics Facility  
  41  3:37  Probe  
  41  3:39  Shield Battery  
  42  3:42  Probe  
  42  3:46  Pylon  
  43  3:49  Probe  
  43  3:55  Stalker  
  42  4:12  Stalker  
  42  4:19  Stalker  
  42  4:22  Stalker  
  44  4:25  Probe x2  
  44  4:26  Observer  
  46  4:38  Probe x2 (Chrono Boost)  
  48  4:48  Probe x2 (Chrono Boost)  
  48  4:50  Pylon  
  50  4:52  Pylon  
  50  4:54  Probe x2  
  52  5:03  Assimilator  
  52  5:05  Assimilator  
  52  5:06  Observer, Probe x2  
  54  5:07  Pylon  
  54  5:13  Observer  
  54  5:18  Probe x2  
  54  5:21  Templar Archives  
  56  5:22  Warp Prism  
  58  5:30  Probe  
  58  5:31  Probe  
  60  5:39  Nexus  
  60  5:44  Pylon  
  60  5:45  Sentry  
  60  5:48  Probe x2  
  64  5:58  High Templar x2  
  64  6:00  Probe x2  
  70  6:04  Psionic Storm  
  70  6:12  Probe x2  
  70  6:14  Gateway x2, Shield Battery  
  72  6:24  Probe x2  
  74  6:29  Immortal (Chrono Boost)  
  74  6:32  Stalker  
  80  6:35  Pylon  
  80  6:39  Charge (Chrono Boost)  
  80  6:44  Shield Battery  
  81  6:47  Probe x2  
  81  6:51  Stalker  
  81  6:52  Stalker  
  86  6:56  Stalker  
  86  6:59  Immortal (Chrono Boost)  
  86  7:01  Observer  
  88  7:05  Probe x2  
  88  7:06  Probe  
  95  7:11  Zealot x2  
  99  7:20  Zealot, Stalker  
  103  7:26  Stalker  
  101  7:38  Immortal (Chrono Boost)  
  101  7:43  Stalker x3  
  104  7:57  Zealot  
  87  8:09  Stalker x3  
  85  8:13  Nexus  
  85  8:17  Gateway  
  85  8:18  Gateway  
  85  8:20  Gateway  
Show
View Real Time Build Order
Export as new Build Order

GuMiho Terran - Winner!

Build Orders:  

Get SALT Encoding   

  12  0:00  SCV  
  13  0:12  SCV  
  14  0:17  Supply Depot  
  14  0:24  SCV  
  15  0:38  SCV  
  15  0:40  Barracks  
  16  0:43  Refinery  
  16  0:50  SCV  
  16  0:52  Refinery  
  17  1:02  SCV  
  18  1:15  SCV  
  19  1:27  Orbital Command, Reaper  
  19  1:28  Supply Depot  
  20  1:40  Factory  
  20  1:52  SCV  
  21  1:59  Barracks Reactor  
  21  2:04  SCV  
  22  2:16  SCV  
  22  2:20  Command Center  
  23  2:24  Hellion  
  23  2:28  SCV  
  26  2:32  Supply Depot  
  26  2:36  Reaper  
  27  2:37  Reaper  
  27  2:41  SCV  
  29  2:46  Hellion  
  31  2:54  SCV  
  31  2:56  Starport  
  32  3:06  SCV  
  32  3:07  Hellion  
  32  3:09  Reaper  
  32  3:10  Reaper  
  37  3:18  SCV  
  38  3:28  Factory Tech Lab  
  38  3:30  SCV  
  38  3:33  Orbital Command  
  38  3:34  Starport Tech Lab  
  39  3:35  Refinery  
  39  3:41  Marine  
  40  3:42  Supply Depot, Marine  
  40  3:43  SCV  
  42  3:49  Siege Tank  
  45  3:55  SCV  
  45  3:58  Marine  
  45  3:59  Marine  
  45  4:00  SCV  
  46  4:16  Marine  
  46  4:17  Marine  
  46  4:20  Banshee  
  46  4:21  Siege Tank  
  53  4:29  SCV  
  51  4:34  Marine  
  51  4:35  Marine  
  51  4:36  SCV  
  50  4:43  Barracks  
  50  4:47  Barracks, SCV  
  50  4:48  SCV  
  50  4:50  Supply Depot  
  50  4:52  Marine  
  53  4:53  Marine  
  53  4:55  Siege Tank  
  53  4:59  SCV  
  58  5:00  SCV  
  58  5:04  Supply Depot  
  58  5:05  Medivac  
  61  5:11  Marine x2  
  61  5:12  SCV  
  65  5:15  Supply Depot  
  65  5:21  Engineering Bay  
  64  5:23  SCV  
  64  5:24  SCV  
  66  5:28  Siege Tank  
  66  5:29  Marine x2  
  66  5:31  Barracks Tech Lab  
  72  5:35  SCV  
  72  5:36  SCV, Refinery  
  72  5:40  Supply Depot  
  73  5:44  Stimpack  
  73  5:47  Starport Reactor, SCV  
  73  5:49  SCV  
  75  5:51  Combat Shield  
  75  5:52  Marine x3  
  75  5:54  Marine  
  79  6:00  SCV  
  79  6:01  Siege Tank, SCV  
  79  6:03  Supply Depot  
  84  6:07  Terran Infantry Weapons Level 1  
  84  6:12  SCV  
  84  6:13  SCV  
  84  6:15  Missile Turret  
  84  6:17  Supply Depot  
  84  6:18  Marauder x2  
  90  6:19  Marine x2  
  92  6:27  Medivac  
  92  6:29  Medivac  
  96  6:36  Supply Depot  
  96  6:39  Marauder x2, Marine x2  
  102  6:41  SCV x2  
  104  6:58  Command Center  
  104  7:01  Barracks x2  
  104  7:03  Marauder  
  104  7:07  Marauder  
  104  7:08  Factory Reactor, Marine x2  
  107  7:11  Medivac x2  
  107  7:15  Supply Depot  
  111  7:17  SCV, Supply Depot  
  111  7:18  SCV  
  113  7:24  Marauder  
  114  7:43  Marauder  
  116  7:45  Marauder  
  118  7:51  Marauder  
  118  7:56  Medivac x2  
  118  7:57  Widow Mine  
  120  8:04  Marauder  
  121  8:07  Marine, Marauder  
  121  8:08  Marine  
  121  8:09  Barracks Tech Lab  
  121  8:10  SCV x2  

Tags
 
Add a new tag
Caveats
  • Supply blocks, unpowered buildings, or Contaminate may cause inaccurate times.
  • Supply counts are checked every 10 seconds.